 Dungeon Crawl Stone Soup version 0.30-a0-422-g946f4849ff (webtiles) character file.

Game seed: 4224440226844756028

54 cforsyth the Chopper (level 3, -6/33 HPs)
             Began as a Hill Orc Monk on Dec 8, 2022.
             Mangled by a gnoll
             ... wielding a +0 whip
              (8 damage)
             ... on level 2 of the Dungeon.
             The game lasted 00:03:06 (1520 turns).

cforsyth the Chopper (Hill Orc Monk)                Turns: 1520, Time: 00:03:06

Health: -6/33      AC:  2    Str: 15    XL:     3   Next: 91%
Magic:  3/3        EV: 12    Int: 10    God:
Gold:   155        SH:  0    Dex: 13    Spells: 2/2 levels left

rFire   . . .      SeeInvis .    a - +0 hand axe
rCold   . . .      Faith    .    (no shield)
rNeg    . . .      Spirit   .    b - +0 robe
rPois   .          Reflect  .    (no helmet)
rElec   .          Harm     .    (no cloak)
rCorr   .          Rampage  .    (no gloves)
Will    .....                    (no boots)
Stlth   ++........               (no amulet)
HPRegen 0.25/turn                (no ring)
MPRegen 0.08/turn                (no ring)

@: no status effects
A: no striking features
a: no special abilities


You were on level 2 of the Dungeon.
You visited 1 branch of the dungeon, and saw 3 of its levels.

You collected 155 gold pieces.

Inventory:

Hand Weapons
 a - a +0 hand axe (weapon)
Armour
 b - a +0 robe (worn)
Scrolls
 d - 3 scrolls of identify {unknown}
 g - a scroll of immolation {unknown}
 h - 4 scrolls of teleportation {unknown}
 i - a scroll of noise {unknown}
 j - a scroll of acquirement {unknown}
 k - a scroll of enchant armour {unknown}
 p - a scroll of vulnerability {unknown}
Potions
 c - a potion of ambrosia
 e - a potion of berserk rage {unknown}
 f - a potion of lignification {unknown}
 l - 3 potions of heal wounds {unknown}
 m - a potion of might {unknown}
 n - a potion of resistance {unknown}
 o - a potion of curing {unknown}


   Skills:
 + Level 4.2 Fighting
 + Level 4.6 Axes
 + Level 2.8 Dodging
 + Level 2.3 Stealth


You had 2 spell levels left.
You didn't know any spells.
Your spell library was empty.

Dungeon Overview and Level Annotations

Branches:
Dungeon (3/15)

Altars:

Annotations:
D:3 1 runed translucent door, Crazy Yiuf


Message History

Found a short sword.
A gnoll comes into view. It is wielding a +0 whip.
A gnoll is nearby! 2 gnolls come into view.
Found a chain mail.
Found a club.
The gnoll hits you with a +0 whip!
The gnoll shouts! x2
You hit the gnoll but do no damage. You hit the gnoll but do no damage.
The gnoll hits you with a +0 whip.
You hit the gnoll.
The gnoll is heavily wounded.
The gnoll completely misses you. The gnoll barely misses you.
The gnoll hits you with a +0 whip.
You are too injured to fight recklessly!
You are too injured to fight recklessly!
You are too injured to fight recklessly!
The gnoll barely misses you.
A gnoll opens the door.
The gnoll attacks as you move away! The gnoll barely misses you.
The gnoll attacks as you move away! The gnoll hits you with a +0 whip.
You see here a jackal corpse.
The gnoll attacks as you move away! The gnoll barely misses you.
The gnoll attacks as you move away! The gnoll hits you with a +0 whip!
There is an open door here.
The gnoll attacks as you move away! The gnoll hits you with a +0 whip.
* * * LOW HITPOINT WARNING * * *
The gnoll attacks as you move away! The gnoll misses you.
The gnoll attacks as you move away! The gnoll closely misses you.
There is a stone staircase leading up here.
The gnoll hits you with a +0 whip!
* * * LOW HITPOINT WARNING * * *
You climb upwards.
There is a stone staircase leading down here.
You barely miss the gnoll.
The gnoll is moderately wounded.
The gnoll barely misses you.
You hit the gnoll but do no damage.
The gnoll is moderately wounded.
The gnoll hits you with a +0 whip!
You die...

......# #.###.............)....
......# ##...................[..
####### #............#...##.....
......# ##..........##.#.##.....
#####.#####.#..........[#........
# #.......#........###.........
### ######..#........###.##.#.÷..
..# #...........#...##.##... ..#
#.#....@....#.####.###.. ..####
##.#...g.....#.# ##.##...
.....####.....[..#.....###.....#.
...#......#.#....##....##...###..
............#....#..##..#........
#####.##.........#.##.....####.##
...##.##.....................#.##
##.†>..#.............<....)....#
#####............##..........###


You could see a gnoll.

Vanquished Creatures
  An adder (D:2)
  A worm (D:2)
  3 dart slugs
  2 endoplasms
  A giant cockroach (D:1)
  5 hobgoblins
  5 jackals
  A kobold (D:2)
  A quokka (D:1)
  6 ball pythons
  2 bats
  3 frilled lizards
  2 goblins
  3 rats
36 creatures vanquished.

Vanquished Creatures (others)
  15 plants (D:3)
15 creatures vanquished.

Grand Total: 51 creatures vanquished

Notes
Turn   | Place    | Note
-------+----------+-------------------------------------------
     0 | D:1      | cforsyth the Hill Orc Monk began the quest for the Orb.
     0 | D:1      | Reached XP level 1. HP: 19/19 MP: 1/1
   146 | D:1      | Found a faded altar of an unknown god.
   156 | D:1      | Reached XP level 2. HP: 27/27 MP: 2/2
   762 | D:2      | Reached XP level 3. HP: 33/33 MP: 3/3
  1322 | D:3      | Found a runed translucent door.
  1323 | D:3      | Noticed Crazy Yiuf
  1517 | D:3      | HP: 1/33 [gnoll/+0 whip (8)]
  1520 | D:2      | Mangled by a gnoll

Illustrated notes

Levels and vault maps discovered:
D:1:      dpeg_arrival_stonehenge_8_columns, layout_loops_ring,
          hellmonk_ecumenical_altar_lost_god
D:2:      layout_rooms
D:3:      layout_basic, mainiacjoe_overflow_small_starburst,
          serial_bayou_pond_c, kennysheep_jessica_study, uniq_terence,
          uniq_crazy_yiuf_cottage

Skill      XL: |  1  2 |
---------------+-------+-----
Stealth        | 2 |  2.3
Fighting       | 4 |  4.2
Axes           | |  4.6
Dodging        | |  2.8

Action                   || total
-------------------------++-------
Melee: Hand axe          ||   125
       Punch             ||     1
 Stab: Sleeping          ||     7
Armor: Robe              ||    13
Dodge: Dodged            ||    81

Table legend: (Time is in decaauts)
 A = Elapsed time spent in this place.
 B = Non-inter-level travel time spent in this place.
 C = Inter-level travel time spent in this place.
 D = Time resting spent in this place.
 E = Time spent auto-exploring this place.
 F = Levels seen in this place.
 G = Mean time per level.
                   A        B        C        D        E       F      G
               +--------+--------+--------+--------+--------+-----+--------+
         Total |   1530 |   1516 |     14 |      0 |   1197 |   3 |  510.0 |
       Dungeon |   1530 |   1516 |     14 |      0 |   1197 |   3 |  510.0 |
               +--------+--------+--------+--------+--------+-----+--------+

Top non-repeatable levels by time:
     D:1: 751 daAuts
     D:2: 517 daAuts
     D:3: 260 daAuts
